 Dungeon Crawl Stone Soup version 0.20-a0-984-ge8aa303 (webtiles) character file.

63 dvd the Shooter (level 3, -4/28 HPs)
             Began as a Centaur Arcane Marksman on Apr 10, 2017.
             Killed from afar by Natasha (7 damage)
             ... with a magic dart
             ... on level 2 of the Dungeon.
             The game lasted 00:06:28 (1743 turns).

dvd the Shooter (Centaur Arcane Marksman)           Turns: 1743, Time: 00:06:30

Health: -4/28      AC:  6    Str: 12    XL:     3   Next: 89%
Magic:  3/4        EV: 10    Int: 12    God:
Gold:   141        SH:  0    Dex: 10    Spells: 0/4 levels left

rFire    . . .     SeeInvis .   g - +0 hand axe
rCold    . . .     Gourm    .   (no shield)
rNeg     . . .     Faith    .   e - +0 robe
rPois    .         Spirit   .   j - +0 helmet
rElec    .         Reflect  .   n - +0 cloak
rCorr    .         Harm     .   (no gloves)
MR       .....                  (no barding)
Stlth    +.........             (no amulet)
Regen    0.1/turn               (no ring)
MPRegen  0.1/turn               (no ring)

@: slowed
A: hooves 3, deformed body, speed 2, tough skin 3
a: no special abilities


You were on level 2 of the Dungeon.
You were not hungry.

You visited 1 branch of the dungeon, and saw 2 of its levels.

You collected 141 gold pieces.

Inventory:

Hand Weapons
 a - a +0 shortbow
 g - a +0 hand axe (weapon)
Missiles
 d - 10 arrows
Armour
 e - a +0 robe (worn)
 j - a +0 helmet (worn)
 n - a +0 cloak (worn)
Scrolls
 l - 2 scrolls of immolation {unknown}
 m - a scroll of identify {unknown}
 o - a scroll of fear {unknown}
 p - 4 scrolls of recharging {unknown}
 r - a scroll of random uselessness {unknown}
 s - 2 scrolls of magic mapping {unknown}
 v - a scroll of noise {unknown}
Potions
 b - a potion of curing {unknown}
 h - a potion of invisibility {unknown}
 q - 2 potions of lignification {unknown}
 u - a potion of heal wounds {unknown}
 w - a potion of magic {unknown}
 x - a potion of flight {unknown}
Books
 c - a book of Debilitation

   Spells                             Type                      Level
   a - Corona                         Hexes                        1
   b - Slow                           Hexes                        2
   c - Inner Flame                    Hexes/Fire                   3
   d - Portal Projectile              Hexes/Translocation          3
   e - Cause Fear                     Hexes                        4
   f - Leda's Liquefaction            Hexes/Earth                  4
Comestibles
 f - 3 bread rations
 i - 3 fruits
 k - 2 meat rations
 t - 4 chunks of flesh


   Skills:
 + Level 1.0 Fighting
 + Level 0.5 Axes
 + Level 3.6 Bows
 + Level 1.7 Dodging
 + Level 0.1 Stealth
 + Level 1.2 Spellcasting
 + Level 3.3 Hexes
 * Level 0.5 Translocations


You couldn't memorise any spells.
You knew the following spells:

 Your Spells              Type           Power        Failure   Level  Hunger
a - Corona                Hex            #......      10%         1    ##.....
b - Portal Projectile     Hex/Tloc       #.....       43%         3    ####...


Dungeon Overview and Level Annotations

Branches:
Dungeon (2/15)

Altars:

Annotations:
D:2 Natasha


Innate Abilities, Weirdness & Mutations

You have hooves in place of feet.
Armour fits poorly on your strangely shaped body.
You cover ground very quickly.
You have extremely tough skin. (AC +3)


Message History

* * * LOW HITPOINT WARNING * * *
Natasha claws you.
* * * LOW HITPOINT WARNING * * *
The white imp hits you but does no damage.
You hit Natasha but do no damage. Your kick misses Natasha.
Natasha is severely wounded.
You closely miss the white imp.
Natasha casts a spell.
The white imp hits you but does no damage.
Natasha casts a spell at you. You resist with significant effort.
The white imp hits you but does no damage.
Natasha stares at you and mumbles some strange words.
You feel as though you will be slow longer.
The white imp hits you but does no damage.
There is a stone staircase leading up here.
Unknown command.
Natasha casts a spell at you. The magic dart hits you!
You die...

.#...รท...........................
.##.#)#...........##.............
.....(##....(......#........#####
.....(###........#..........#
......<###.....#.###........#
............##.#.# #.........#
............##.#.# ###....##.#
.......####.##.#.# #....## .#
#....### #.##..@####....# .. ..#..
#. ##..5.##.#.... #.# .#..#
##h5....#..#. .. ..[# g#.##.... #.
.# ... ## .. .. ... # #... #..


You could see an iron imp, Natasha, a white imp and a goblin.

Vanquished Creatures
  An adder (D:2)
  2 oozes
  A worm (D:2)
  2 dart slugs (D:1)
  A leopard gecko (D:2)
  4 giant cockroaches
  4 goblins
  5 hobgoblins
  4 kobolds
  7 bats
  3 frilled lizards
  4 rats (D:1)
38 creatures vanquished.

Notes
Turn   | Place    | Note
-------+----------+-------------------------------------------
     0 | D:1      | dvd the Centaur Arcane Marksman began the quest for the Orb.
     0 | D:1      | Reached XP level 1. HP: 16/16 MP: 2/2
   204 | D:1      | Reached XP level 2. HP: 18/23 MP: 3/3
  1047 | D:2      | Reached XP level 3. HP: 24/28 MP: 2/4
  1094 | D:2      | Learned a level 3 spell: Portal Projectile
  1730 | D:2      | Noticed Natasha
  1743 | D:2      | Killed from afar by Natasha

Vault maps used:
D:1:      dpeg_arrival_arbitrary_a, moated_statue, moated_statue
D:2:      minmay_strange_pillars, uniq_natasha

Skill      XL: |  1  2 |
---------------+-------+-----
Hexes          | 3 |  3.3
Bows           | 3 |  3.6
Fighting       | |  1.0
Axes           | |  0.5
Dodging        | |  1.7
Stealth        | |  0.1
Spellcasting   | |  1.2
Translocations | |  0.5

Action                   || total
-------------------------++-------
Melee: Hand axe          ||    84
       Kick              ||    13
 Fire: Shortbow          ||    57
 Cast: Corona            ||    13
  Eat: Chunk             ||     2
Armor: Robe              ||    49
Dodge: Dodged            ||    55
